[ AOE2 MATCH · #507137708 ]
UnrankedBerbers vs Tupi
Player's team · LOSS
Rival team · WIN
[ REPLAY ANALYSIS · EXTRACTED FROM THE RECORDED GAME ]
Feudal
—
Castle
—
Imperial
—
| APM avg | 39.8 |
| APM peak | 120 |
| eAPM avg | 20.7 |
| Villagers / military | 77 / 0 |
Focus
⚔️ 26.1% · 🌾 73.9%
Feudal
15:17
Castle
—
Imperial
—
| APM avg | 86.6 |
| APM peak | 197 |
| eAPM avg | 46.1 |
| Villagers / military | 79 / 32 |
Focus
⚔️ 68.1% · 🌾 31.9%
Archer ×30 · Unknown (2550) ×5 · Fishing Ship ×3 · Skirmisher ×2
Match map
Initial resources + every placement click. Lines = walls · curves = elevation contours. ◆ gold · ⬟ stone · ● berries · ✦ relic · ◌ wall gap
Your base· Open — unwalled flank
DS_Gabo's base· Open — unwalled flank
Smoothed initial terrain · ◌ = detected wall gap · hover for details
Inputs per minute
— Charlie Mx - - DS_Gabo
Build order — Charlie Mx
133 actions detected in the replay
| 0:00 | Create | Villager (Male) |
| 0:00 | Create | Villager (Male) |
| 0:01 | Create | Villager (Male) |
| 0:01 | Create | Villager (Male) |
| 0:02 | Build | House |
| 0:04 | Build | House |
| 1:27 | Create | Villager (Male) |
| 2:15 | Create | Villager (Male) |
| 2:15 | Create | Villager (Male) |
| 2:15 | Create | Villager (Male) |
| 2:48 | Build | Lumber Camp |
| 2:54 | Create | Villager (Male) |
| 3:01 | Create | Villager (Male) |
| 3:12 | Create | Villager (Male) |
| 3:32 | Create | Villager (Male) |
| 3:51 | Build | House |
| 3:51 | Build | House |
| 3:56 | Create | Villager (Male) |
| 4:13 | Create | Villager (Male) |
| 4:18 | Research | Loom |
| 4:33 | Create | Villager (Male) |
| 4:34 | Create | Villager (Male) |
| 4:54 | Create | Villager (Male) |
| 4:56 | Research | Loom |
| 5:08 | Create | Villager (Male) |
| 5:14 | Build | Mill |
| 5:19 | Create | Villager (Male) |
| 5:36 | Create | Villager (Male) |
| 5:39 | Create | Villager (Male) |
| 5:42 | Create | Villager (Male) |
| 6:17 | Create | Villager (Male) |
| 6:22 | Create | Villager (Male) |
| 7:09 | Create | Villager (Male) |
| 7:27 | Build | House |
| 7:28 | Create | Villager (Male) |
| 8:06 | Build | Palisade Wall |
| 8:07 | Build | Palisade Wall |
| 8:31 | Build | Town Center |
| 8:34 | Build | House |
| 8:37 | Build | Palisade Wall |
| 8:38 | Build | Palisade Wall |
| 8:40 | Build | Palisade Wall |
| 8:41 | Build | Palisade Wall |
| 8:43 | Build | Palisade Wall |
| 8:59 | Build | Palisade Wall |
| 9:26 | Create | Villager (Male) |
| 9:27 | Create | Villager (Male) |
| 9:27 | Create | Villager (Male) |
| 9:55 | Create | Villager (Male) |
| 9:59 | Build | Palisade Wall |
| 10:00 | Build | Palisade Wall |
| 10:01 | Build | Palisade Wall |
| 10:04 | Build | Palisade Wall |
| 10:04 | Build | Palisade Wall |
| 10:07 | Build | Palisade Wall |
| 10:09 | Build | Palisade Wall |
| 10:09 | Build | Palisade Wall |
| 10:14 | Create | Villager (Male) |
| 10:23 | Build | Palisade Wall |
| 10:24 | Build | Palisade Wall |
| 10:32 | Create | Villager (Male) |
| 10:42 | Build | House |
| 10:46 | Build | House |
| 10:58 | Build | House |
| 11:21 | Build | Palisade Wall |
| 11:39 | Build | Palisade Wall |
| 11:43 | Create | Villager (Male) |
| 11:48 | Build | Palisade Wall |
| 11:49 | Build | Palisade Wall |
| 11:53 | Create | Villager (Male) |
| 11:53 | Create | Villager (Male) |
| 12:13 | Create | Villager (Male) |
| 12:33 | Create | Villager (Male) |
| 13:00 | Create | Villager (Male) |
| 13:11 | Create | Villager (Male) |
| 13:37 | Create | Villager (Male) |
| 14:02 | Create | Villager (Male) |
| 14:20 | Create | Villager (Male) |
| 14:31 | Create | Villager (Male) |
| 15:02 | Create | Villager (Male) |
| 15:14 | Create | Villager (Male) |
| 15:34 | Create | Villager (Male) |
| 15:47 | Build | House |
| 15:57 | Create | Villager (Male) |
| 16:06 | Create | Villager (Male) |
| 16:15 | Create | Villager (Male) |
| 16:18 | Build | Palisade Wall |
| 16:19 | Build | Palisade Wall |
| 16:24 | Build | Palisade Wall |
| 16:25 | Build | Palisade Wall |
| 16:27 | Build | Palisade Wall |
| 16:28 | Build | Palisade Wall |
| 16:34 | Create | Villager (Male) |
| 16:53 | Build | Lumber Camp |
| 17:06 | Create | Villager (Male) |
| 17:48 | Create | Villager (Male) |
| 17:59 | Create | Villager (Male) |
| 18:20 | Build | Lumber Camp |
| 18:48 | Create | Villager (Male) |
| 18:52 | Build | House |
| 18:53 | Build | House |
| 19:02 | Create | Villager (Male) |
| 19:03 | Create | Villager (Male) |
| 19:23 | Create | Villager (Male) |
| 19:36 | Create | Villager (Male) |
| 20:17 | Create | Villager (Male) |
| 20:17 | Create | Villager (Male) |
| 20:17 | Create | Villager (Male) |
| 20:17 | Create | Villager (Male) |
| 21:38 | Create | Villager (Male) |
| 22:17 | Create | Villager (Male) |
| 22:28 | Build | Lumber Camp |
| 22:46 | Create | Villager (Male) |
| 22:46 | Create | Villager (Male) |
| 23:11 | Create | Villager (Male) |
| 24:49 | Build | Farm |
| 24:51 | Build | Farm |
| 24:52 | Build | Farm |
| 25:07 | Build | Farm |
| 25:09 | Build | Farm |
| 25:12 | Build | Farm |
| 26:10 | Create | Villager (Male) |
| 26:11 | Create | Villager (Male) |
| 26:38 | Create | Villager (Male) |
| 26:39 | Create | Villager (Male) |
| 26:39 | Create | Villager (Male) |
| 27:10 | Create | Villager (Male) |
| 27:27 | Create | Villager (Male) |
| 28:02 | Create | Villager (Male) |
| 28:02 | Create | Villager (Male) |
| 28:32 | Create | Villager (Male) |
| 28:36 | Build | Farm |
| 29:50 | Build | Town Center |
Build order — DS_Gabo
First 150 of 199 actions detected
| 0:00 | Create | Villager (Male) |
| 0:00 | Create | Villager (Male) |
| 0:02 | Build | House |
| 0:03 | Create | Villager (Male) ×2 |
| 0:05 | Build | Barracks |
| 0:29 | Build | House |
| 1:05 | Build | House |
| 1:07 | Create | Villager (Male) |
| 1:15 | Create | Unit 2550 |
| 1:16 | Create | Villager (Male) |
| 1:39 | Create | Villager (Male) |
| 2:03 | Create | Unit 2550 |
| 2:19 | Create | Villager (Male) |
| 2:43 | Create | Villager (Male) |
| 3:11 | Create | Villager (Male) |
| 3:35 | Create | Villager (Male) |
| 3:54 | Build | House |
| 4:12 | Create | Villager (Male) |
| 4:20 | Create | Villager (Male) |
| 4:33 | Create | Villager (Male) |
| 4:53 | Create | Villager (Male) |
| 5:12 | Create | Villager (Male) |
| 5:13 | Create | Villager (Male) |
| 5:13 | Create | Villager (Male) |
| 5:32 | Create | Villager (Male) |
| 5:51 | Create | Unit 2550 |
| 5:57 | Create | Villager (Male) |
| 6:12 | Build | House |
| 6:23 | Create | Villager (Male) |
| 6:23 | Create | Villager (Male) |
| 6:29 | Create | Unit 2550 |
| 6:46 | Build | House |
| 6:56 | Create | Villager (Male) ×3 |
| 7:33 | Create | Villager (Male) |
| 8:16 | Create | Unit 2550 |
| 8:32 | Create | Villager (Male) ×3 |
| 9:42 | Build | Settlement |
| 10:06 | Create | Villager (Male) ×5 |
| 10:09 | Create | Villager (Male) |
| 10:09 | Create | Villager (Male) |
| 10:41 | Create | Villager (Male) |
| 10:57 | Research | Loom |
| 11:36 | Build | Town Center |
| 11:47 | Build | House |
| 12:11 | Build | Settlement |
| 12:42 | Research | Loom |
| 12:51 | Research | Feudal Age |
| 13:21 | Build | Dock |
| 13:40 | Build | House |
| 14:05 | Build | Palisade Wall |
| 14:06 | Build | Palisade Wall |
| 14:13 | Build | Palisade Wall |
| 14:14 | Build | Palisade Wall |
| 14:27 | Build | House |
| 14:35 | Build | Palisade Wall |
| 14:51 | Build | Farm |
| 14:52 | Build | Farm |
| 14:52 | Build | Farm |
| 14:52 | Build | Farm |
| 14:52 | Build | Farm |
| 14:52 | Build | Farm |
| 14:53 | Build | Farm |
| 14:53 | Build | Farm |
| 14:53 | Build | Farm |
| 14:53 | Build | Farm |
| 14:54 | Build | Farm |
| 14:54 | Build | Farm |
| 14:54 | Build | Farm |
| 14:54 | Build | Farm |
| 14:54 | Build | Farm |
| 14:55 | Build | Farm |
| 15:02 | Create | Villager (Male) |
| 15:02 | Create | Villager (Male) |
| 15:07 | Build | House |
| 15:17 | Age | Feudal Age |
| 15:40 | Build | House |
| 15:42 | Build | House |
| 15:49 | Build | Settlement |
| 15:50 | Create | Villager (Male) |
| 15:53 | Build | Archery Range |
| 16:04 | Create | Villager (Male) |
| 16:15 | Build | Archery Range |
| 16:18 | Build | House |
| 16:22 | Build | House |
| 16:24 | Build | Farm |
| 16:35 | Create | Villager (Male) |
| 16:46 | Create | Fishing Ship |
| 16:59 | Create | Villager (Male) |
| 16:59 | Create | Villager (Male) |
| 17:06 | Build | House |
| 17:08 | Build | House |
| 17:16 | Create | Archer |
| 17:17 | Create | Archer |
| 17:21 | Build | Palisade Wall |
| 17:23 | Build | Palisade Wall |
| 17:32 | Create | Villager (Male) |
| 18:01 | Create | Archer |
| 18:03 | Create | Villager (Male) |
| 18:13 | Create | Villager (Male) |
| 18:22 | Build | Blacksmith |
| 18:56 | Build | Palisade Wall |
| 18:57 | Build | Palisade Wall |
| 18:58 | Build | Palisade Wall |
| 18:58 | Build | Palisade Wall |
| 19:01 | Create | Archer |
| 19:04 | Create | Villager (Male) |
| 19:04 | Create | Villager (Male) |
| 19:08 | Build | House |
| 19:11 | Create | Villager (Male) |
| 19:25 | Build | Palisade Gate |
| 19:29 | Build | Palisade Wall |
| 19:31 | Build | Palisade Wall |
| 19:53 | Create | Archer |
| 19:55 | Create | Fishing Ship |
| 19:55 | Create | Fishing Ship |
| 19:58 | Create | Villager (Male) |
| 19:58 | Create | Villager (Male) ×2 |
| 20:02 | Build | Watch Tower |
| 20:09 | Create | Villager (Male) |
| 20:24 | Build | Settlement |
| 20:42 | Create | Villager (Male) |
| 20:55 | Create | Villager (Male) |
| 21:08 | Create | Villager (Male) |
| 21:08 | Create | Villager (Male) |
| 21:15 | Build | Settlement |
| 21:16 | Build | Farm |
| 21:17 | Build | Farm |
| 21:17 | Build | Farm |
| 21:17 | Build | Farm |
| 21:17 | Build | Farm |
| 21:42 | Build | House |
| 21:44 | Create | Villager (Male) |
| 21:44 | Create | Villager (Male) |
| 21:52 | Research | Double-Bit Axe |
| 22:28 | Build | Farm |
| 22:28 | Build | Farm |
| 22:29 | Build | Farm |
| 22:29 | Build | Farm |
| 22:29 | Build | Farm |
| 22:30 | Create | Villager (Male) ×4 |
| 22:34 | Create | Villager (Male) |
| 23:18 | Create | Villager (Male) ×2 |
| 23:23 | Build | Settlement |
| 23:28 | Create | Skirmisher |
| 23:28 | Create | Skirmisher |
| 23:32 | Create | Villager (Male) |
| 23:53 | Create | Villager (Male) |
| 24:04 | Build | Farm |
| 24:04 | Build | Farm |
| 24:04 | Build | Farm |
Match timeline
| 0:05 | DS_Gabo · first_building Barracks |
| 8:06 | Charlie Mx · wall_segment Palisade Wall x1 |
| 8:07 | Charlie Mx · wall_segment Palisade Wall x1 |
| 8:37 | Charlie Mx · wall_segment Palisade Wall x1 |
| 8:38 | Charlie Mx · wall_segment Palisade Wall x1 |
| 8:40 | Charlie Mx · wall_segment Palisade Wall x1 |
| 8:41 | Charlie Mx · wall_segment Palisade Wall x1 |
| 8:43 | Charlie Mx · wall_segment Palisade Wall x1 |
| 8:59 | Charlie Mx · wall_segment Palisade Wall x1 |
| 9:59 | Charlie Mx · wall_segment Palisade Wall x1 |
| 10:00 | Charlie Mx · wall_segment Palisade Wall x1 |
| 10:01 | Charlie Mx · wall_segment Palisade Wall x1 |
| 10:04 | Charlie Mx · wall_segment Palisade Wall x1 |
| 10:04 | Charlie Mx · wall_segment Palisade Wall x1 |
| 10:07 | Charlie Mx · wall_segment Palisade Wall x1 |
| 10:09 | Charlie Mx · wall_segment Palisade Wall x1 |
| 10:09 | Charlie Mx · wall_segment Palisade Wall x1 |
| 10:23 | Charlie Mx · wall_segment Palisade Wall x1 |
| 10:24 | Charlie Mx · wall_segment Palisade Wall x1 |
| 11:21 | Charlie Mx · wall_segment Palisade Wall x4 |
| 11:39 | Charlie Mx · wall_segment Palisade Wall x1 |
| 11:48 | Charlie Mx · wall_segment Palisade Wall x1 |
| 11:49 | Charlie Mx · wall_segment Palisade Wall x1 |
| 13:21 | DS_Gabo · first_building Dock |
| 14:05 | DS_Gabo · wall_segment Palisade Wall x1 |
| 14:06 | DS_Gabo · wall_segment Palisade Wall x1 |
| 14:13 | DS_Gabo · wall_segment Palisade Wall x1 |
| 14:14 | DS_Gabo · wall_segment Palisade Wall x1 |
| 14:35 | DS_Gabo · wall_segment Palisade Wall x1 |
| 15:17 | DS_Gabo · age_up feudal |
| 15:53 | DS_Gabo · first_building Archery Range |
| 16:18 | Charlie Mx · wall_segment Palisade Wall x1 |
| 16:19 | Charlie Mx · wall_segment Palisade Wall x1 |
| 16:24 | Charlie Mx · wall_segment Palisade Wall x1 |
| 16:25 | Charlie Mx · wall_segment Palisade Wall x1 |
| 16:27 | Charlie Mx · wall_segment Palisade Wall x1 |
| 16:28 | Charlie Mx · wall_segment Palisade Wall x1 |
| 17:21 | DS_Gabo · wall_segment Palisade Wall x1 |
| 17:23 | DS_Gabo · wall_segment Palisade Wall x1 |
| 18:56 | DS_Gabo · wall_segment Palisade Wall x1 |
| 18:57 | DS_Gabo · wall_segment Palisade Wall x1 |
| 18:58 | DS_Gabo · wall_segment Palisade Wall x1 |
| 18:58 | DS_Gabo · wall_segment Palisade Wall x1 |
| 19:29 | DS_Gabo · wall_segment Palisade Wall x4 |
| 19:31 | DS_Gabo · wall_segment Palisade Wall x6 |
| 26:25 | DS_Gabo · wall_segment Palisade Wall x1 |
| 26:25 | DS_Gabo · wall_segment Palisade Wall x2 |
| 29:18 | DS_Gabo · wall_segment Palisade Wall x12 |
| 30:16 | Charlie Mx · resign |
[ AI ANALYSIS · 1 CREDIT ]
What really happened in this match?
Wolo.gg analyzes every decision: build order, eco, micro, common mistakes by bracket. Personalized analysis on WhatsApp or Discord in 30 seconds.
Civ guide
Berbers
Perfil
Charlie Mx